Cogmind - Beta 14 @@@ ROGUE MODE // 2024.12.28 @ 01:27:29 Player: Serpag Result: Destroyed by D-53 Grenadier with Mini Grenade Launcher Performance ------------- Evolutions (0) 0 Regions Visited (2) 400 Robots Destroyed (20) 100 Value Destroyed (361) 361 Prototype IDs (2) 40 Alien Tech Used (0) 0 Bonus (0) 0 TOTAL SCORE: 901 Bonus ------- None Cogmind --------- Core Integrity 0/250 Matter 280/300 Energy 79/100 System Corruption 0% Temperature Cool (29) Movement Walking (260) Ox2 Location -10/Mines Parts ------- > --- POWER (1) -------- (None) > --- PROPULSION (2) --- Aluminum Leg Aluminum Leg > --- UTILITY (2) ------ High-capacity Storage Unit > --- WEAPON (2) ------- Advanced Beam Cannon Advanced Beam Cannon > --- INVENTORY (20) --- Light Ion Engine Light Ion Engine Aluminum Leg Aluminum Leg Aluminum Leg Aluminum Leg Large Battery (200) Large Matter Pod (150) Small Laser Light Assault Rifle High-powered Shotgun Improved Grenade Launcher Peak State ------------ > --- POWER ------------ Ion Engine > --- PROPULSION ------- Aluminum Leg Aluminum Leg > --- UTILITY ---------- High-capacity Storage Unit Experimental Sensor Array > --- WEAPON ----------- Advanced Beam Cannon Advanced Beam Cannon > --- INVENTORY -------- Light Ion Engine Light Ion Engine Aluminum Leg Aluminum Leg Aluminum Leg Aluminum Leg Aluminum Leg Aluminum Leg Large Battery Large Matter Pod Small Laser Advanced Beam Cannon Advanced Beam Cannon Light Assault Rifle Improved Grenade Launcher [Rating: 21] Favorites ----------- Power Ion Engine Engine Ion Engine Propulsion Aluminum Leg Leg Aluminum Leg Utility Small Storage Unit Device Experimental Sensor Array Storage Small Storage Unit Weapon Assault Rifle Energy Gun Small Laser Energy Cannon Advanced Beam Cannon Ballistic Gun Assault Rifle Build | -11 -10 -10 ------- Run | Yrd Mat Min Slots Evolved . | . . . Power . | . . . Propulsion . | . . . Utility . | . . . Weapon . | . . . Parts Attached 17 | 7 3 7 Power 1 | 1 . . Engine 1 | 1 . . Core . | . . . Reactor . | . . . Propulsion 5 | 2 1 2 Treads . | . . . Leg 5 | 2 1 2 Wheel . | . . . Hover . | . . . Flight . | . . . Utility 4 | 1 2 1 Device 1 | . . 1 Storage 3 | 1 2 . Processor . | . . . Hackware . | . . . Protection . | . . . Artifact . | . . . Weapon 7 | 3 . 4 Energy Gun 1 | 1 . . Energy Cannon 4 | . . 4 Ballistic Gun 2 | 2 . . Ballistic Cannon . | . . . Launcher . | . . . Special Weapon . | . . . Impact Weapon . | . . . Slashing Weapon . | . . . Piercing Weapon . | . . . Special Melee Weapon . | . . . Unidentified Prototypes 2 | . . 2 Parts Lost 7 | . 1 6 Power 1 | . . 1 Propulsion 1 | . 1 . Utility 1 | . . 1 Weapon 4 | . . 4 Highest Loss Streak 4 | . 1 4 To Critical Strikes . | . . . Average Slot Usage (%) 93 | . 90 99 Engine 14 | . 14 14 Leg 27 | . 27 28 Device 2 | . . 8 Storage 19 | . 19 19 Energy Cannon 7 | . . 22 Ballistic Gun 20 | . 28 5 Peak Build Rating 21 | 6 9 21 Average Rating 7 | 5 6 16 On Entrance 5 | . 6 9 Naked Turns . | . . . Heaviest Build 56 | 14 52 56 Greatest Support 20 | 20 20 20 Greatest Overweight (x) 4 | 2 4 2 Average Overweight (x) 1 | . 1 2 Largest Inventory Capacity 20 | 8 20 20 Average Capacity 12 | 7 19 20 Most Carried 16 | 5 13 16 Average Carried 4 | 2 5 14 Final Capacity 20 | 8 20 20 Final Carried 13 | 2 13 12 Class Distribution -------------------- 100% | Mutant Dominant Class ---------------- Mutant | -10/Materials Mutant | -10/Mines Resources | -11 -10 -10 ----------- Run | Yrd Mat Min Matter Collected 764 | 224 406 134 Remotely . | . . . Salvage Created 700 | . 472 228 Parts 33 | . 21 12 Haulers Intercepted 1 | . 1 . Recyclers Shooed . | . . . Parts Field Recycled . | . . . Retrieved Matter . | . . . Parts Self-Destructed . | . . . Prevented . | . . . Kills | -11 -10 -10 ------- Run | Yrd Mat Min Combat Hostiles Destroyed 20 | . 10 10 Guns 12 | . 10 2 Cannons 8 | . . 8 Classes Destroyed 7 | . 6 1 Worker 1 | . 1 . Hauler 1 | . 1 . Recycler 1 | . 1 . Watcher 2 | . 2 . Swarmer 9 | . 6 3 Grunt 6 | . 4 2 Assembled 5 | . . 5 Best Kill Streak 5 | . 4 5 Combat Bots Only 5 | . 4 5 Max Kills in Single Turn 2 | . 2 2 Gunslinging 1 | . 1 . Exploded . | . . . Melee . | . . . Uniques/NPCs Destroyed . | . . . Combat | -11 -10 -10 -------- Run | Yrd Mat Min Hostile Shots Fired 130 | . 71 59 Missed 45 | . 28 17 Damage Taken 1117 | . 435 682 Core 280 | . 104 176 Absorbed by Shields . | . . . Core Remaining (%) 100 | 100 . . Volleys Fired 65 | . 45 20 Largest 2 | . 2 2 Hottest 136 | . 40 136 Shots Fired 129 | . 90 39 Gun 99 | . 90 9 Cannon 30 | . . 30 Launcher . | . . . Special . | . . . Kinetic 99 | . 90 9 Thermal 30 | . . 30 Explosive . | . . . Electromagnetic . | . . . Robot Hit Streak 7 | . 5 7 Robot Miss Streak 4 | . 4 3 Penetration Max . | . . . Secondary Targets 6 | . 5 1 Max Gunslinging Chain 1 | . 1 1 Shots Hit Robots 70 | . 50 20 Core Hits 36 | . 22 14 Critical Kills 1 | . 1 . Critical Parts Destroyed . | . . . Critical Strikes 1 | . 1 . Destroy 1 | . 1 . Melee Attacks . | . . . Impact . | . . . Slashing . | . . . Piercing . | . . . Sneak Attacks . | . . . Combat Hostiles . | . . . Follow-up Attacks . | . . . Damage Inflicted 1058 | . 642 416 Guns 710 | . 642 68 Cannons 348 | . . 348 Explosions . | . . . Melee . | . . . Ramming . | . . . Kinetic 710 | . 642 68 Thermal 348 | . . 348 Explosive . | . . . Electromagnetic . | . . . Impact . | . . . Slashing . | . . . Piercing . | . . . Highest Corruption . | . . . Average Corruption . | . . . Corruption Purged . | . . . Corruption Blocked . | . . . Overload Shots . | . . . Overflow Damage 2 | . . 2 Projectiles 2 | . . 2 Explosions . | . . . Melee . | . . . Knockbacks . | . . . Impact . | . . . Kinetic . | . . . Secondary . | . . . Self-Inflicted Damage . | . . . Shots . | . . . Rammed . | . . . Targets Rammed . | . . . Kicked . | . . . Crushed . | . . . Highest Temperature 625 | . 2 625 Average Temperature 183 | . 2 197 Received Heat Transfer 280 | . 135 145 Effects 9 | . . 9 Shutdowns 1 | . . 1 Interference 1 | . . 1 Short Circuit 1 | . . 1 Damage (minor) 2 | . . 2 Damage (major) 3 | . . 3 Damage (core) 1 | . . 1 Siege Activations . | . . . Robots Corrupted . | . . . Combat Hostiles . | . . . Parts Fried . | . . . Impact Corruptions . | . . . Robots Melted . | . . . Combat Hostiles . | . . . Parts Melted 1 | . . 1 Heat Transferred 629 | . . 629 Parts Sabotaged . | . . . Parts Stolen . | . . . Parts Stripped . | . . . Power Chain Reactions . | . . . Alert | -11 -10 -10 ------- Run | Yrd Mat Min Peak Influence 166 | . 166 157 Initial 42 | . . 42 Average 26 | . 53 100 Maximum Alert Level . | . . . Low Security (%) 100 | 100 100 100 Level 1 . | . . . Level 2 . | . . . Level 3 . | . . . Level 4 . | . . . Level 5 . | . . . High Security . | . . . Max Security . | . . . Squads Dispatched 2 | . 1 1 Investigation 1 | . . 1 Extermination . | . . . Reinforcement 1 | . 1 . Assault . | . . . Garrison . | . . . Intercept . | . . . Searches Triggered . | . . . Construction Impeded . | . . . Haulers Reinforced . | . . . Active Scanning Responses . | . . . Cargo Convoy Interrupts . | . . . Stealth | -11 -10 -10 --------- Run | Yrd Mat Min Distress Signals 2 | . 1 1 Communications Jammed . | . . . Distress Signals . | . . . Times Spotted 38 | . 21 17 Peak Tracking Total 8 | . 4 8 Tactical Retreats 2 | . 1 1 Traps | -11 -10 -10 ------- Run | Yrd Mat Min Traps Triggered . | . . . Indirectly . | . . . Trap Hack Attempts . | . . . Triggered . | . . . Disarmed . | . . . Reprogrammed . | . . . Reused . | . . . Traps Extracted . | . . . Installed . | . . . Triggered . | . . . Machines | -11 -10 -10 ---------- Run | Yrd Mat Min Machines Disabled . | . . . Max in Single Turn . | . . . Machines Repaired . | . . . Machines Dismantled . | . . . Machines Sabotaged . | . . . Overloaded Fab Kills . | . . . Hacking | -11 -10 -10 --------- Run | Yrd Mat Min Machines Accessed 1 | . . 1 Terminals . | . . . Fabricators . | . . . Repair Stations . | . . . Recycling Units . | . . . Scanalyzers . | . . . Garrison Access . | . . . Total Hacks 1 | . . 1 Successful 1 | . . 1 Failed . | . . . Catastrophic . | . . . Database Lockouts . | . . . Manual . | . . . Terminals . | . . . Fabricators . | . . . Repair Stations . | . . . Recycling Units . | . . . Scanalyzers . | . . . Garrison Access . | . . . Terminal Hacks 1 | . . 1 Open Door 1 | . . 1 Fabricator Hacks . | . . . Repair Station Hacks . | . . . Recycling Unit Hacks . | . . . Scanalyzer . | . . . Garrison Access Hacks . | . . . Unauthorized Hacks . | . . . Terminals . | . . . Fabricators . | . . . Repair Stations . | . . . Recycling Units . | . . . Scanalyzers . | . . . Garrison Access . | . . . Data Cores Recovered . | . . . Used . | . . . Hacking Detections . | . . . Full Trace Events . | . . . Feedback Events . | . . . Feedback Blocked . | . . . Robot Schematics Acquired . | . . . Robots Built . | . . . Authchips . | . . . Time . | . . . Total Robot Build Rating . | . . . Part Schematics Acquired . | . . . Parts Built . | . . . Authchips . | . . . Time . | . . . Total Part Build Rating . | . . . Parts Repaired . | . . . Time . | . . . Parts Recycled . | . . . Recycled Matter . | . . . Retrieved Matter . | . . . Retrieved Components . | . . . Parts Scanalyzed . | . . . Part Schematics Acquired . | . . . Parts Damaged . | . . . Bothacking | -11 -10 -10 ------------ Run | Yrd Mat Min Used RIF Installer . | . . . Robots Hacked . | . . . Non-combat . | . . . Combat . | . . . Robot Hacks Applied . | . . . Relay Couplers Released . | . . . Fabnet Peak Effective % . | . . . Robots Rewired . | . . . Allies Hacked . | . . . Hacks Repelled . | . . . Allies | -11 -10 -10 -------- Run | Yrd Mat Min Total Allies . | . . . Largest Group . | . . . Highest-Rated Group . | . . . Highest-Rated Ally . | . . . Total Orders . | . . . Ally Attacks . | . . . Total Damage . | . . . Kills . | . . . Allies Corrupted . | . . . Allies Melted . | . . . Intel | -11 -10 -10 ------- Run | Yrd Mat Min Robot Analysis Total . | . . . Derelict Logs Recovered 1 | . . 1 Drone Launches . | . . . Drone Recoveries . | . . . Exploration | -11 -10 -10 ------------- Run | Yrd Mat Min Turns Passed 3613 | 2235 913 465 Spaces Moved 748 | 300 297 151 Core 19 | 19 . . Treads . | . . . Legs 729 | 281 297 151 Wheels . | . . . Hover . | . . . Flight . | . . . Fastest Speed 50 | 50 120 260 Average Speed 201 | 116 256 260 Slowest Speed 400 | 150 400 260 Overloaded Moves . | . . . Propulsion Burnouts . | . . . Robots Hopped . | . . . Cave-ins Triggered . | . . . Exploration Rate (%) 46 | 48 53 39 Regions Visited 2 Branch Regions 1 Pre-discovered Areas 1 | . . 1 Known Exits Taken . | . . . Unknown Exits Taken 2 | 1 1 . Scrap Searched 1 | . . 1 Spaces Dug . | . . . Terrain Destroyed . | . . . Melee . | . . . Projectile . | . . . AOE . | . . . Terrain Rammed . | . . . Walls Destroyed . | . . . Machines Disabled . | . . . Actions | -11 -10 -10 --------- Run | Yrd Mat Min Total 2727 | 2182 359 186 Wait 1871 | 1871 . . Move 746 | 299 296 151 Hop . | . . . Pick Up 24 | 5 14 5 Fast Attach 3 | 3 . . Attach 11 | 3 3 5 Detach 1 | . . 1 Swap 3 | 1 . 2 Drop 3 | . 1 2 Fire 65 | . 45 20 Melee . | . . . Ram . | . . . Kick . | . . . Crush . | . . . Escape Stasis . | . . . Rewire . | . . . Trap . | . . . Miscellaneous . | . . . Route ------- -11/Scrapyard -10/Materials -10/Mines (discovered 1 exit: [*Mat]) History --------- Turn | Location | Event 10 | -11/Scrapyard | Discovered new exit (range 14) 2236 | -11/Scrapyard | Entered Materials 2237 | -10/Materials | Build established: Mutant 3112 | -10/Materials | Discovered new exit (range 8) 3149 | -10/Materials | Entered Mines 3224 | -10/Mines | Learned location of Zion (-6) 3292 | -10/Mines | Found a damaged Exp. Sensor Array with a note attached 3297 | -10/Mines | Found Prototype Device 3298 | -10/Mines | Core integrity fell below 50% 3333 | -10/Mines | Identified Exp. Sensor Array 3412 | -10/Mines | Discovered new exit (range 15) 3473 | -10/Mines | Met a Derelict shopkeep closing up shop 3506 | -10/Mines | Assembled infested the area 3579 | -10/Mines | Core integrity fell below 20% 3614 | -10/Mines | Destroyed by D-53 Grenadier with Mini Grenade Launcher Last Messages --------------- 03577_ Overheating: Aluminum Leg damaged (-1). 03577_ Overheating: Exp. Sensor Array damaged (-10). 03578_ as-89690 destroyed. 03579_ Overheating: Core damaged (-32). 03583_ Power failure, Ion Engine shutdown. 03583_ Overheating: System interference. 03583_ Adv. Beam Cannon temporarily disabled. 03584_ Overheating: Adv. Beam Cannon damaged (-38). 03584_ Dropped Broken Aluminum Leg. 03584_ Dropped Aluminum Leg. 03585_ Overheating: Adv. Beam Cannon damaged (-19). 03602_ R-06 Scavenger sends out distress signal. 03608_ Exp. Sensor Array destroyed. 03608_ Adv. Beam Cannon destroyed. 03612_ Ion Engine destroyed. 03612_ Machine disabled. 03613_ The unstable cave ceiling collapses. Map ----- +----------------------------------------------------+ | ?????????????????????????????????????????????????? | | ?????????????????????????????????????????????????? | | ?????????????????????????????????????????????????? | | ?????????????????????????????????????????????????? | | ??????????????????????? ?????????????????????????? | | ?????????????????????? ?????????????????????????? | | ????????????????????? ?????????????????????????? | | ? ??????????????????? ?????????????????????????? | | ? ??????????????????# ""??? ????????????????????? | | ? ?????????????????# """ #?????????????????????? | | ? #???????????????# """ ???????????????????????? | | ? #?????????????## ????????????????????????? | | # #????????????## ?????????????????????????? | | # #????????????? #??????????????????????????? | | # #????????????? #???????????????????????????? | | # #?????????????# #????????????????????????????? | | # #??############ #?????????????????????????????? | | # #??# #?????????????????????????????? | | #### ########## #?????????????????????????????? | | ####?????#%a#########?????????????????????? | | ##### ###???# %= ##????????????????????? | | #??? ##??# %= ##???????????????????? | | #???? #??###### ##??????????????????? | | ##??? < ???????# # #??????????????????? | | ##??# ?????#### #??????????????????? | | X ##?# #????#"[!" @ #??????????????????? | | ### #???#""!/" #??????????????????? | | =## #???# Y #??????????????????? | | !%= #???## # ##??????????????????? | | #### ## #????##++?###Y ##???????????????????? | | ???###### #??????????? ###????????????????????? | | ????????# ####???????? ??????????????????????? | | ????????# #??????? ??????????????????????? | | ????????# ## #???????==dd ??????????????????????? | | ?######## ## #???????[%[ ??????????????????????? | | ?# ## #?????? !# ??????????????????????? | | ??# ## ###???? ? ??????????????????????? | | ??####### ##??? ?# ??????????????????????? | | ??????## #??# ??#??????????????????????? | | ??????# #??? ??##??????? ?????????? | | ??????# ##??? ?## #?????? #???????? | | ??????## ### ## ??????? ##??????? | | ??????## ## ??????? #??????? | | ?????## ####### ??????? #??????? | | ????## ## %#????# ???????? ##?????? | | ????# ###% #????# #???????? ##????? | | ????# ###?# =#????# ##??????? #####? | | ????# ##???# #????# ####???? ? | | ????# #????# #?????# ##???? ??? | | ????# ##???# ##????# #???? #???? | +----------------------------------------------------+ Best States ------------- Heat Dissipation 25 Energy Generation 10 Energy Capacity 450 Matter Stores 300 Matter Capacity 300 Sight Range 16 Robot Scan Range 20 Terrain Scan Density 10 Evasion (%) 55 Item Schematics ----------------- None Robot Schematics ------------------ None Fabricated ------------ Nothing Alien Tech Used ----------------- None Achievements -------------- Loot Pinata Challenges ------------ None Game ------ Seed CookieTheDog Manual? 1 Play Time 00:12:53 Cumulative 2.0 hours Start 2024.12.28 @ 01:08:38 End 2024.12.28 @ 01:27:29 Sessions 1 Manual Loads 0 Difficulty Rogue Special Mode None Game No. 6 Rogue 6 Adventurer 0 Explorer 0 Win Type - Total 0 Types 0/0/0/0/0/0/0/0/0 Lore% 1 Gallery% 4 Achievement% 6 Wizard Run 0 Options --------- Layout 1 ASCII 0 Keyboard 0 Movement Mouse Keybinds 0 Fullscreen 2 Font 24/Smallcaps Map View 50x35 Zoom Use 0% Tactical HUD 1 Map Filters NONE Filters NONE Steam 1 RUN: 476ce1f9-7f6b-4913-93dd-9c10fd20ce22